 Dungeon Crawl Stone Soup version 0.20-a0-876-g2c7b0bf (console) character file.

129 nht the Twirler (level 4, -2/33 HPs)
             Began as a Demonspawn Gladiator on Mar 15, 2017.
             Slain by an orc
             ... wielding a +0 trident
              (6 damage)
             ... on level 3 of the Dungeon.
             The game lasted 00:02:21 (2183 turns).

nht the Twirler (Demonspawn Gladiator)              Turns: 2183, Time: 00:02:21

Health: -2/33      AC:  4    Str: 14 (15) XL:     4   Next: 88%
Magic:  4/4        EV: 12    Int:  9 (10) God:
Gold:   82         SH:  0    Dex: 14      Spells: 3/3 levels left

rFire    . . .     SeeInvis .   a - +0 quarterstaff
rCold    . . .     Gourm    .   b - +0 leather armour
rNeg     . . .     Faith    .   (shield currently unavailable)
rPois    .         Spirit   .   c - +0 helmet
rElec    .         Reflect  .   (no cloak)
rCorr    .         Harm     .   (no gloves)
MR       .....                  (no boots)
Stlth    ++........             (no amulet)
Regen    0.2/turn               (no ring)
MPRegen  0.1/turn               (no ring)

@: no status effects
A: nightstalker 1, powered by death 1
a: no special abilities


You were on level 3 of the Dungeon.
You were not hungry.

You visited 1 branch of the dungeon, and saw 3 of its levels.

You collected 82 gold pieces.

Inventory:

Hand Weapons
 a - a +0 quarterstaff (weapon)
Missiles
 d - 2 throwing nets (quivered)
Armour
 b - a +0 leather armour (worn)
 c - a +0 helmet (worn)
Jewellery
 l - an uncursed ring of protection from fire {unknown}
Wands
 e - a wand of digging (9/24)
Scrolls
 h - a scroll of identify {unknown}
 i - a scroll of remove curse
Comestibles
 f - 2 bread rations
 g - 2 fruits
 j - 2 chunks of flesh


   Skills:
 - Level 2.0 Fighting
 + Level 5.1 Staves
 - Level 1.7 Throwing
 - Level 2.6 Dodging


You had 3 spell levels left.
You didn't know any spells.

Dungeon Overview and Level Annotations

Branches:
Dungeon (3/15)

Altars:


Innate Abilities, Weirdness & Mutations

You are slightly more attuned to the shadows.
You regenerate a little health from kills.


Message History

The orc wizard is moderately wounded.
The orc hits you from afar with a trident!
* * * LOW HITPOINT WARNING * * *
The orc wizard hits you with a dagger.
* * * LOW HITPOINT WARNING * * *
You hit the orc wizard.
The orc wizard is moderately wounded.
The orc hits you from afar with a trident.
* * * LOW HITPOINT WARNING * * *
The orc wizard hits you with a dagger.
* * * LOW HITPOINT WARNING * * *
You are too injured to fight recklessly!
You aren't carrying any potions.
Throwing (i - inventory):
d - 3 throwing nets (quivered)
Press: ? - help, Shift-Dir - straight line, f - orc wizard
Aim: an orc wizard, wielding a dagger and wearing a robe (moderately wounded)
You throw a throwing net.
The throwing net barely misses the orc wizard.
The orc hits you from afar with a trident.
You die...

.█ .█ ███
██. ......
█.█.██████
█
█.§.w.....
█.███)█
█..@oo█


███████ You could see a worm, an orc wizard and an orc.

Vanquished Creatures
  Ijyb (D:2)
  3 adders (D:2)
  An ooze (D:2)
  5 worms (D:2)
  2 dart slugs
  2 leopard geckos
  2 orcs (D:3)
  8 bats
  A giant cockroach (D:1)
  3 goblins
  8 hobgoblins
  9 kobolds
  A ball python (D:2)
  3 frilled lizards (D:1)
  4 rats
53 creatures vanquished.

Notes
Turn   | Place    | Note
-------+----------+-------------------------------------------
     0 | D:1      | nht the Demonspawn Gladiator began the quest for the Orb.
     0 | D:1      | Reached XP level 1. HP: 16/16 MP: 1/1
    17 | D:1      | Reached skill level 3 in Staves
    39 | D:1      | Gained mutation: You regenerate a little health from kills. [demonic ancestry]
    39 | D:1      | Reached XP level 2. HP: 8/22 MP: 2/2
   876 | D:2      | Gained mutation: You are slightly more attuned to the shadows. [demonic ancestry]
   876 | D:2      | Reached XP level 3. HP: 20/27 MP: 3/3
   953 | D:2      | Reached skill level 4 in Staves
  1541 | D:2      | Reached XP level 4. HP: 30/33 MP: 4/4
  2071 | D:2      | Noticed Ijyb
  2088 | D:2      | Killed Ijyb
  2088 | D:2      | Reached skill level 5 in Staves
  2183 | D:3      | Slain by an orc

Vault maps used:
D:1:      dpeg_arrival_court, hangedman_decor_riveting
D:2:      uniq_iyjb
D:3:      chequers_ecumenical_altar_island

Skill      XL: |  1  2  3  4 |
---------------+-------------+-----
Staves         | 3 4 5 |  5.1
Fighting       | |  2.0
Throwing       | |  1.7
Dodging        | |  2.6

Action                   |  1- 3 |  4- 6 || total
-------------------------+-------+-------++-------
Melee: Quarterstaff      |   117 |    66 ||   183
Throw: Throwing net      |       |     1 ||     1
  Use: Potion            |     2 |     1 ||     3
       Scroll            |     4 |       ||     4
 Stab: Sleeping          |     4 |     4 ||     8
  Eat: Chunk             |     2 |     2 ||     4
Armor: Leather armour    |    29 |    15 ||    44
Dodge: Dodged            |    87 |    43 ||   130
